 Dungeon Crawl Stone Soup version 0.28.0 (webtiles) character file.

Game seed: 11713328067027635157

603 horus123 the Gusty (level 7, -2/44 HPs)
             Began as a Tengu Air Elementalist on Feb 11, 2022.
             Was an Initiate of Vehumet.
             Slain by an orc wizard (15 damage)
             ... on level 5 of the Dungeon.
             The game lasted 00:07:53 (4270 turns).

horus123 the Gusty (Tengu Air Elementalist)         Turns: 4270, Time: 00:07:54

Health: -2/44      AC:  2    Str:  8    XL:     7   Next: 42%
Magic:  6/12       EV: 14    Int: 18    God:    Vehumet [......]
Gold:   255        SH:  0    Dex: 14    Spells: 2/12 levels left

rFire   . . .      SeeInvis .   f - +0 war axe (elec)
rCold   . . .      Faith    .   (no shield)
rNeg    . . .      Spirit   .   a - +0 robe
rPois   .          Reflect  .   (helmet restricted)
rElec   .          Harm     .   (no cloak)
rCorr   .          Rampage  .   (no gloves)
Will    .....                   (boots unavailable)
Stlth   +.........              (no amulet)
HPRegen 0.14/turn               (no ring)
MPRegen 0.13/turn               (no ring)

@: confused, flying quickly and evasively, quick
A: beak, talons 3, nimble flight
a: Renounce Religion


You were on level 5 of the Dungeon.
You worshipped Vehumet.
Vehumet was noncommittal.
You visited 2 branches of the dungeon, and saw 6 of its levels.

You collected 255 gold pieces.

Inventory:

Hand Weapons
 c - a +4 hand axe
 f - a +0 war axe of electrocution (weapon)
 i - the +6 arbalest "Concordance" {vorpal, +Blink rElec}
   (You acquired it on level 4 of the Dungeon)

   Any ammunition fired from it inflicts extra damage upon your enemies.
   rElec:     It insulates you from electricity.
   +Blink:    It lets you blink.
 m - the +3 hunting sling of War {flame, Str+5}
   (You found it on level 5 of the Dungeon)

   Any ammunition fired from it burns those it strikes, dealing additional fire
   damage.
   Str:       It affects your strength (+5).
Missiles
 e - 33 arrows
 n - 22 sling bullets
 r - 15 bolts
Armour
 a - a +0 robe (worn)
Wands
 l - a wand of iceblast (1)
 q - a wand of polymorph (8)
Scrolls
 d - 3 scrolls of vulnerability
 g - 3 scrolls of teleportation
 j - a scroll of identify
Potions
 b - 2 potions of resistance
 h - a potion of attraction {unknown}
 k - 2 potions of flight {unknown}
 o - a potion of brilliance {unknown}
 p - 2 potions of might {unknown}


   Skills:
 - Level 5.0 Fighting
 - Level 2.1 Dodging
 - Level 2.0 Stealth
 - Level 3.0 Spellcasting
 - Level 1.3 Conjurations
 + Level 7.8 Air Magic


You had 2 spell levels left.
You knew the following spells:

 Your Spells              Type           Power      Damage    Failure   Level
a - Shock                 Conj/Air       76%        1d7       2%          1
b - Static Discharge      Conj/Air       19%        N/A       3%          2
c - Airstrike             Air            15%        N/A       6%          4
d - Swiftness             Air            30%        N/A       1%          3

Your spell library contained the following spells:

 Spells                   Type           Power      Damage    Failure   Level
 Animate Skeleton         Necr           4%         N/A       16%         1
 Pain                     Necr           8%         1d4       16%         1
 Vampiric Draining        Necr           2%         2d6       43%         3


Dungeon Overview and Level Annotations

Branches:
Dungeon (5/15)             Temple (1/1) D:4

Altars:
Dithmenos
Elyvilon
Fedhas
Makhleb
Okawaru
Ru
Sif Muna
Trog
Vehumet
Wu Jian
Yredelemnul
The Shining One


Innate Abilities, Weirdness & Mutations

You have a beak for a mouth.
You have claws for feet.
Your magical nature lets you fly swiftly and evasively.


Message History

The orc wizard casts a spell at you. The puff of flame hits you!
You miscast Shock.
You are very lightly contaminated with residual magic.
Nothing appears to happen.
The zap hits something.
The zap misses the orc wizard.
The zap hits something.
Vehumet accepts your kill.
Reactivating autopickup.
You feel a bit more experienced.
The zap hits the orc wizard.
The orc wizard is severely wounded.
The orc wizard casts a spell.
The orc wizard flickers and vanishes!
Deactivating autopickup; reactivate with Ctrl-A.
You can't see any susceptible monsters within range! (Use Z to cast anyway.)
Aiming: Shock (safe; 2% risk of failure)
Press: ? - help, Q - select action, (/) - cycle Shift-Dir - straight line The zap hits something.
You are confused.
You're too confused to cast spells.
Unknown command.
You are more confused.
You're too confused to move!
You're too confused to move!
Your magical contamination has completely faded away.
You are too confused!
You are too confused!
You are too confused!
You hear some strange, mumbled words.
You are more confused.
You bump into the rock wall.
You bump into the rock wall.
Something hits you.
You are electrocuted!
Something hits you but does no damage.
You hear some strange, mumbled words.
A magic dart appears from out of thin air!
The magic dart hits you.
You bump into the rock wall.
Something hits you.
* * * LOW HITPOINT WARNING * * *
You are electrocuted!
You die...

## ###.... ..
...#......
####.#####(#......
...)..............
#.....[...........
#..)..............
#.................
#{................
#@................
#.................
#.................
#.................
#.................
#.................
#....[............
#.................
#.................


There were no monsters in sight!

Vanquished Creatures
  Duvessa (D:4)
  A black bear (D:4)
  A phantom (D:5)
  Dowan (D:4)
  A jelly (D:5)
  A bullfrog skeleton (D:5)
  A centaur skeleton (D:5)
  Jessica (D:2)
  An iguana (D:4)
  An orc wizard (D:5)
  6 adders
  An adder skeleton (D:4)
  A dart slug (D:1)
  An orc (D:5)
  6 ball pythons
  3 bats
  4 endoplasms
  3 giant cockroaches
  3 goblins
  10 hobgoblins
  2 jackals (D:3)
  10 kobolds
  3 quokkas
  A frilled lizard (D:3)
  7 rats
71 creatures vanquished.

Notes
Turn   | Place    | Note
-------+----------+-------------------------------------------
     0 | D:1      | horus123 the Tengu Air Elementalist began the quest for the
                  | Orb.
     0 | D:1      | Reached XP level 1. HP: 10/10 MP: 4/4
   157 | D:1      | Found a faded altar of an unknown god.
   340 | D:1      | Reached XP level 2. HP: 15/15 MP: 4/6
   822 | D:1      | Learned a level 2 spell: Static Discharge
  1045 | D:2      | Reached XP level 3. HP: 14/19 MP: 3/8
  1364 | D:2      | Noticed Jessica
  1372 | D:2      | Killed Jessica
  1373 | D:2      | Reached skill level 5 in Air Magic
  1373 | D:2      | Reached XP level 4. HP: 24/24 MP: 0/9
  2077 | D:3      | Reached skill level 6 in Air Magic
  2250 | D:3      | Found an iron altar of Okawaru.
  2258 | D:3      | Found an ornate altar of the Wu Jian Council.
  2278 | D:3      | Reached skill level 1 in Fighting
  2476 | D:3      | Gained mutation: Your magical nature lets you fly swiftly
                  | and evasively. [Tengu growth]
  2476 | D:3      | Reached XP level 5. HP: 29/29 MP: 5/10
  2785 | D:4      | Noticed a black bear
  2788 | D:4      | Killed a black bear
  2880 | D:4      | Found a staircase to the Ecumenical Temple.
  2888 | Temple   | Entered the Ecumenical Temple
  2977 | Temple   | Became a worshipper of Vehumet
  3343 | D:4      | Reached XP level 6. HP: 31/38 MP: 9/11
  3412 | D:4      | Noticed Dowan
  3413 | D:4      | Noticed Duvessa
  3415 | D:4      | Killed Dowan
  3417 | D:4      | Killed Duvessa
  3418 | D:4      | Reached skill level 5 in Fighting
  3431 | D:4      | Learned a level 4 spell: Airstrike
  3435 | D:4      | Learned a level 3 spell: Swiftness
  3674 | D:4      | Identified a scroll of acquirement
  3674 | D:4      | Acquired the +6 arbalest "Concordance" {vorpal, +Blink
                  | rElec}
  3836 | D:5      | Entered Level 5 of the Dungeon
  3864 | D:5      | Reached XP level 7. HP: 43/44 MP: 4/12
  4134 | D:5      | Identified the +3 hunting sling of War {flame, Str+5}
  4151 | D:5      | Reached skill level 7 in Air Magic
  4270 | D:5      | Slain by an orc wizard

Illustrated notes

Levels and vault maps discovered:
D:1:      lemuel_arrival_muddy, layout_rooms, basic_ecumenical_altar
D:2:      layout_loops_ring, uniq_jessica
D:3:      layout_rooms, okawaru_trees_2, mainiacjoe_overflow_catwalk
D:4:      layout_loops_corners, temple_doors_e, serial_bayou_pond_b,
          uniq_duvessa
D:5:      layout_basic
Temple:   eino_temple_lava

Skill      XL: |  1  2  3  4  5  6  7 |
---------------+----------------------+-----
Spellcasting   | 3 |  3.0
Air Magic      | 5 6 7 |  7.8
Fighting       | 1 3 5 |  5.0
Dodging        | |  2.1
Stealth        | |  2.0
Conjurations   | |  1.3

Action                   |  1- 3 |  4- 6 |  7- 9 || total
-------------------------+-------+-------+-------++-------
Melee: Hand axe          |    13 |       |       ||    13
       Peck              |     4 |     4 |     1 ||     9
       Kick              |     3 |     6 |     2 ||    11
       War axe           |       |    17 |    11 ||    28
       Punch             |       |     1 |       ||     1
 Cast: Shock             |    43 |    77 |    15 ||   135
       Airstrike         |       |       |     1 ||     1
Evoke: Wand              |       |     4 |       ||     4
  Use: Scroll            |     4 |     5 |       ||     9
       Potion            |       |       |     1 ||     1
 Stab: Sleeping          |       |     1 |       ||     1
Armor: Robe              |     6 |     3 |     5 ||    14
Dodge: Dodged            |    23 |    21 |     9 ||    53
